Map: Hardwire LE

Players

A.I. 1 (Very Easy)

  • Race: Protoss Protoss

RumbleRandy - Winner!

  • Race: Terran Terran
  • League: Diamond

VOD

Have the link to the VOD?

Description

Time

  • Played on: Jan. 21, 2022, 6:33 p.m.
  • Length: 8:12
Show
View Real Time Build Order
Export as new Build Order

A.I. 1 (Very Easy) Protoss 

Build Orders:  

Get SALT Encoding   

  12  0:00  Probe  
  13  0:13  Probe  
  14  0:20  Pylon  
  14  0:37  Assimilator  
  14  0:43  Gateway  
  14  0:47  Pylon  
  14  1:14  Assimilator  
  14  1:24  Probe  
  14  1:30  Zealot  
  14  1:32  Probe  
  17  1:34  Cybernetics Core  
  18  1:40  Probe  
  19  1:51  Probe  
  20  2:00  Warp Gate, Probe  
  21  2:08  Probe  
  22  2:47  Stalker  
  24  6:30  Probe  
  24  7:25  Probe  
  25  7:31  Adept, Pylon  
  25  7:33  Robotics Facility, Probe  
  27  7:42  Probe  
  26  7:50  Nexus, Probe  
  10  7:59  Stalker  
Show
View Real Time Build Order
Export as new Build Order

RumbleRandy Terran - Winner!

Build Orders:  

Get SALT Encoding   

  12  0:00  SCV  
  13  0:12  SCV  
  14  0:17  Supply Depot  
  14  0:24  SCV  
  15  0:39  SCV  
  15  0:40  Barracks  
  16  0:44  Refinery  
  16  0:51  SCV  
  16  0:52  Refinery  
  17  1:03  SCV  
  18  1:17  SCV  
  19  1:27  Reaper  
  19  1:30  Supply Depot, Orbital Command  
  20  1:41  Factory  
  20  1:56  SCV  
  20  1:59  Reaper  
  22  2:08  SCV  
  23  2:20  SCV  
  23  2:22  Command Center  
  24  2:26  Hellion  
  26  2:32  SCV  
  27  2:38  Starport  
  27  2:45  Barracks Reactor  
  27  2:46  SCV  
  27  2:49  Supply Depot  
  28  2:52  Widow Mine  
  31  2:58  SCV  
  31  3:10  SCV  
  32  3:14  Widow Mine  
  32  3:18  Medivac  
  36  3:21  Marine x2  
  36  3:24  SCV  
  39  3:35  Factory Tech Lab  
  39  3:36  SCV  
  39  3:40  Marine x2  
  39  3:41  Orbital Command  
  42  3:44  Bunker  
  42  3:48  SCV  
  43  4:00  SCV  
  43  4:01  Raven  
  46  4:05  Supply Depot, Marine x2  
  46  4:07  Factory Tech Lab  
  46  4:08  Barracks  
  48  4:11  SCV  
  48  4:12  SCV  
  50  4:23  SCV, Marine  
  50  4:24  SCV, Marine  
  53  4:27  Siege Tank  
  53  4:28  Supply Depot  
  57  4:36  Barracks  
  57  4:38  SCV x2  
  57  4:43  Marine  
  57  4:44  Marine  
  61  4:50  SCV  
  61  4:51  SCV  
  63  4:54  Supply Depot  
  63  4:57  Supply Depot  
  63  4:58  Refinery  
  63  4:59  Refinery  
  63  5:03  SCV  
  63  5:04  Marine x2  
  63  5:05  Starport Reactor  
  66  5:07  Stimpack  
  66  5:12  Engineering Bay  
  66  5:13  SCV  
  67  5:15  SCV  
  67  5:18  Supply Depot  
  67  5:19  Supply Depot  
  68  5:21  Marauder  
  68  5:23  Marine  
  68  5:24  Factory Reactor  
  71  5:29  SCV x2  
  71  5:35  Marine  
  74  5:37  Marauder  
  74  5:39  Terran Infantry Weapons Level 1  
  74  5:41  SCV  
  74  5:42  Marine  
  78  5:44  Marauder  
  78  5:46  SCV  
  81  5:50  Combat Shield  
  81  5:52  Supply Depot  
  81  5:53  Marine  
  81  5:55  SCV  
  81  5:56  Supply Depot  
  83  5:59  Medivac  
  83  6:03  Marauder  
  87  6:04  Medivac  
  87  6:08  Marauder  
  91  6:13  Widow Mine x2  
  91  6:15  Marine x2  
  97  6:21  Supply Depot  
  97  6:25  Marauder  
  99  6:29  Marauder, Medivac  
  103  6:33  Marine x2  
  103  6:34  Widow Mine  
  107  6:44  Medivac  
  107  6:45  Marine  
  110  6:47  Concussive Shells  
  110  6:49  SCV x2  
  110  6:50  Marine  
  110  6:51  Marine x2  
  115  6:56  Widow Mine x2  
  115  6:58  Supply Depot  
  115  6:59  Supply Depot  
  119  7:01  Medivac  
  119  7:05  Barracks  
  121  7:08  SCV  
  121  7:09  SCV  
  121  7:10  Marauder  
  121  7:12  Command Center  
  121  7:13  Marine  
  126  7:19  Marine  
  126  7:20  Marauder  
  126  7:22  Supply Depot  
  129  7:26  Supply Depot  
  129  7:31  Marauder  
  129  7:36  SCV x2  
  131  7:49  Marauder, Marine x2  
  133  7:52  Marine  
  133  7:54  Engineering Bay, Barracks  
  133  7:56  Armory  
  132  7:59  SCV  
  132  8:00  SCV  
Tags
 
Add a new tag
Caveats
  • Supply blocks, unpowered buildings, or Contaminate may cause inaccurate times.
  • Supply counts are checked every 10 seconds.